Unix NetHack Version 3.7.0-53 Work-in-progress - last build Apr 4 2022 15:05:14 (0945cd16e85ecfe9c80600c62adfe552c28f66b8,branch:master). Game began 2022-04-09 09:13:08, ended 2022-04-09 09:51:57. elenmirie, neutral female human Tourist -... ....... ...h...-- ..>@u....- .<)--....... ...-----. . -.. Elenmirie the Excursionist St:10 Dx:13 Co:16 In:17 Wi:9 Ch:14 Neutral Dlvl:6 $:1354 HP:0(46) Pw:19(19) AC:5 Xp:6/330 T:4643 Burdened Latest messages: The dwarf is killed! You have a little trouble lifting $ - 35 gold pieces. There are several more objects here. You hit the gnome. The gnome swings his bow. The gnome misses! You miss the gnome. The gnome swings his bow. The gnome misses! You kill the gnome! The pony misses it. The pony misses it. The pony misses the dwarf. The pony misses the dwarf. You miss the dwarf. The pony misses the dwarf. The pony misses the dwarf. You hit the dwarf! The pony misses the dwarf. The pony misses the dwarf. The pony misses the dwarf. The pony misses the dwarf. The pony misses the dwarf. The pony misses the dwarf. You miss the dwarf. The pony misses the dwarf. The pony misses the dwarf. The dwarf swings her broad pick. The dwarf hits! You miss the dwarf. The pony misses the dwarf. The pony misses the dwarf. What do you want to drink? [egouvzDJKNPTV-XZ or ?*] ? You feel much better. The pony misses the dwarf. The pony misses the dwarf. The dwarf swings her broad pick. The dwarf just misses! The pony misses the dwarf. The pony misses the dwarf. The pony misses the dwarf. The pony misses the dwarf. The dwarf swings her broad pick. The dwarf hits! You die... Do you want your possessions identified? [ynq] (y) y Do you want to see your attributes? [ynq] (y) y Do you want an account of creatures vanquished? [ynaq] (y) y Do you want to see your conduct and achievements? [ynq] (y) y Do you want to see the dungeon overview? [ynq] (y) y Major events: Turn 1: elenmirie the neutral female human Tourist entered the dungeon 1057: attained the rank of Sightseer (level 3) 2319: entered the Gnomish Mines 4617: attained the rank of Excursionist (level 6) 4643: killed by a dwarf Inventory: Coins $ - 1354 gold pieces Amulets w - a cursed amulet of ESP Weapons a - 15 blessed +2 darts (at the ready) n - an uncursed +0 elven dagger B - an uncursed +1 scimitar (weapon in hand) Armor G - a blessed +1 orcish helm (being worn) S - an uncursed +0 pair of leather gloves (being worn) A - an uncursed +0 shield of reflection (being worn) h - an uncursed +0 dwarvish cloak (being worn) j - an uncursed +0 Hawaiian shirt with a ukulele motif (being worn) Comestibles d - an uncursed apple b - 7 uncursed food rations f - 3 uncursed fortune cookies c - an uncursed lembas wafer I - 2 uncursed tripe rations Scrolls m - a blessed scroll of blank paper U - 3 uncursed scrolls of blank paper x - 3 cursed scrolls of blank paper Y - an uncursed scroll of create monster F - a cursed scroll of destroy armor H - an uncursed scroll of earth C - 2 uncursed scrolls of identify E - 2 cursed scrolls of identify L - a cursed scroll of light i - 5 uncursed scrolls of magic mapping M - 5 cursed scrolls of magic mapping O - a blessed scroll of teleportation p - an uncursed scroll of teleportation Spellbooks q - an uncursed spellbook of cancellation Potions K - an uncursed potion of booze W - a cursed potion of booze g - a cursed potion of extra healing e - a cursed potion of fruit juice u - an uncursed potion of gain energy V - an uncursed potion of hallucination v - 2 uncursed potions of healing z - a cursed potion of monster detection D - an uncursed potion of object detection J - an uncursed potion of object detection o - a cursed potion of object detection T - a cursed potion of oil N - 2 cursed potions of sickness P - an uncursed potion of sleeping Z - an uncursed potion of speed X - a cursed potion of speed Rings r - a cursed ring of aggravate monster y - an uncursed ring of conflict R - an uncursed ring of shock resistance Wands s - a cursed wand of digging (0:7) Q - an uncursed wand of striking (0:6) Tools l - an uncursed credit card k - an uncursed expensive camera (0:72) t - an uncursed partly used wax candle (lit) Elenmirie the Tourist's attributes: Background: You were an Excursionist, a level 6 female human Tourist. You were neutral, on a mission for The Lady who was opposed by Blind Io (lawful) and Offler (chaotic). You were in the Gnomish Mines, on level 6. You entered the dungeon 4643 turns ago. You had 330 experience points, 310 more were needed to attain level 7. Basics: You had 0 out of 46 hit points. You had all 19 energy points (spell power). Your armor class was 5. Your wallet contained 1354 zorkmids. Autopickup was on for '$' plus thrown. Final Characteristics: Your strength was 10 (limit:18/100). Your dexterity was 13 (limit:18). Your constitution was 16 (limit:18). Your intelligence was 17 (limit:18). Your wisdom was 9 (limit:18). Your charisma was 14 (limit:18). Final Status: You were not hungry. You were burdened; movement was slightly slowed. You were wielding a scimitar. You had basic skill with scimitar. Final Attributes: You were piously aligned. You were warded. You had reflection. You are dead. Miscellaneous: You encountered 1 bones level. Total elapsed playing time was 38 minutes and 47 seconds. Vanquished creatures: a wood nymph an orc shaman a rock piercer 2 rock moles a shrieker a gnome leader a gray ooze a ghoul 2 paper golems 2 giant ants a little dog a floating eye 3 dwarves a kobold leader a hill orc a rothe a rabid rat a giant bat a werejackal 2 iguanas 2 acid blobs 2 hobbits 2 large kobolds 3 hobgoblins 3 giant rats a yellow mold 5 gnomes 3 geckos 12 jackals a fox 2 kobolds 4 goblins 10 grid bugs 3 lichens 4 newts 83 creatures vanquished. No species were genocided or became extinct. Voluntary challenges: You read items or engraved 4 times. You never engraved Elbereth. You never genocided any monsters. You never polymorphed an object. You never changed form. You used no wishes. Achievements: You attained the rank of Sightseer. You entered the Gnomish Mines. You attained the rank of Excursionist. The Dungeons of Doom: levels 1 to 7 Level 1: Some fountains. Level 2: Some fountains, a grave. Level 3: Some altars, a fountain. Level 4: Stairs down to The Gnomish Mines. Level 5: A fountain. Level 6: Many fountains. Oracle of Delphi. Level 7: The Gnomish Mines: levels 5 to 6 Level 5: A grave. Final resting place for elenmirie-Tou-Hum-Fem-Neu, killed by a dwarf. Level 6: <- You were here. Final resting place for you, killed by a dwarf. Game over: ---------- / \ / REST \ / IN \ / PEACE \ / \ | elenmirie | | 1354 Au | | killed by a | | dwarf | | | | | | 2022 | *| * * * | * _________)/\\_//(\/(/\)/\//\/|_)_______ Aloha elenmirie the Tourist... You died in The Gnomish Mines on dungeon level 6 with 2433 points, and 1354 pieces of gold, after 4643 moves. You were level 6 with a maximum of 46 hit points when you died.